 Dungeon Sprint DCSS version 0.24-a0-536-gdd4cf15266 (webtiles) character file.

Game seed: 2611615032978870200

29397 Conn the Scorcher (level 13, 0/79 HPs)
             Began as an Octopode Fire Elementalist on Aug 11, 2019.
             Was a High Priest of Sif Muna.
             Engulfed by a cloud of steam (6 damage)
             ... in the Dungeon (Sprint I: "Red Sonja").
             The game lasted 01:18:44 (8743 turns).

Conn the Scorcher (Octopode Fire Elementalist)      Turns: 8743, Time: 01:18:45

Health: 0/79       AC:  1    Str:  5    XL:     13   Next: 45%
Magic:  34/34      EV: 16    Int: 22    God:    Sif Muna [*****.]
Gold:   2414       SH:  0    Dex: 13    Spells: 2/47 levels left

rFire    . . .     SeeInvis +   b - +8 executioner's axe of the Scavenger {chop, +Blink +Fly rPois}
rCold    . . .     Gourm    .   (shield currently unavailable)
rNeg     . . .     Faith    +   (helmet restricted)
rPois    +         Spirit   .   r - amulet of faith
rElec    .         Reflect  .   c - ring of wizardry
rCorr    .         Harm     .   f - ring of see invisible
MR       .....     NoTele   +   (no ring)
Stlth    ++++......             (no ring)
HPRegen  0.23/turn              (no ring)
MPRegen  0.24/turn              (no ring)
                                (no ring)
                                (no ring)

@: deflect missiles
A: almost no armour, stealthy swim, amphibious, 8 rings, constrict 8, camouflage
1, weak 1, gelatinous body 1
a: Channel Magic, Forget Spell, Divine Exegesis, Renounce Religion, Evoke Blink,
Evoke Flight


You were in the Dungeon.
You worshipped Sif Muna.
Sif Muna was extremely pleased with you.
You were not hungry.

You visited 1 branch You collected 4776 gold pieces.
You spent 2362 gold pieces at shops.

Inventory:

Hand Weapons
 a - a +2 dagger of venom
 b - the +8 executioner's axe of the Scavenger (weapon) {chop, +Blink +Fly rPois}
   (You bought it in a shop in the Dungeon)

   It inflicts extra damage upon your enemies.
   It protects you from poison.
   It lets you fly.
   It lets you blink.
 g - a +0 scythe
 m - the +10 hand axe "Ultimatum" {freeze, Int+4}
   (You bought it in a shop in the Dungeon)

   It has been specially enchanted to freeze those struck by it, causing extra
   injury to most foes and up to half again as much damage against particularly
   susceptible opponents.
   It can also slow down cold-blooded creatures.
   It affects your intelligence (+4).
Missiles
 k - 7 curare-tipped darts (quivered)
Magical Staves
 j - an uncursed staff of earth
 s - an uncursed staff of poison
Jewellery
 c - a ring of wizardry (left tentacle)
 f - a ring of see invisible (right tentacle)
 p - an uncursed ring of ice
 r - an amulet of faith (around mantle)
Scrolls
 n - a scroll of blinking
 o - a scroll of remove curse
 q - a scroll of enchant weapon {unknown}
Potions
 d - 5 potions of curing
 e - a potion of haste
 h - a potion of ambrosia
Miscellaneous
 l - a lamp of fire
Comestibles
 i - a ration


   Skills:
 + Level 4.2 Fighting
 + Level 1.0 Short Blades
 + Level 0.6(1.3) Axes
 + Level 1.7(1.8) Polearms
 + Level 1.2 Throwing
 + Level 6.2 Dodging
 - Level 6.1 Stealth
 * Level 17.9 Spellcasting
 * Level 16.4 Conjurations
   Level 0.2 Hexes
 + Level 1.3 Charms
   Level 3.4 Summonings
 + Level 3.7 Translocations
 * Level 18.5 Fire Magic
 + Level 2.0 Ice Magic
 + Level 4.4 Air Magic
   Level 1.3 Poison Magic
 * Level 7.8 Invocations


You had 2 spell levels left.
You knew the following spells:

 Your Spells              Type           Power        Failure   Level  Hunger
a - Flame Tongue          Conj/Fire      #####        0%          1    None
b - Ignition              Fire           #######...   3%          8    #######
c - Orb of Destruction    Conj           #######...   1%          7    ######.
d - Deflect Missiles      Chrm/Air       ####......   43%         6    ####...
e - Fireball              Conj/Fire      #######...   1%          5    #......
f - Bolt of Fire          Conj/Fire      #######...   1%          6    ####...
g - Force Lance           Conj/Tloc      ######..     1%          4    None
i - Blink                 Tloc           N/A          1%          2    None
j - Bolt of Cold          Conj/Ice       ######....   4%          6    ####...

Your spell library contained the following spells:

 Spells                   Type           Power        Failure   Level  Hunger
 Magic Dart               Conj           ####         0%          1    None
 Searing Ray              Conj           ######       0%          2    None
 Throw Flame              Conj/Fire      ######       0%          2    None
 Freeze                   Ice            ####         1%          1    None
 Shock                    Conj/Air       ####         1%          1    None
 Sting                    Conj/Pois      ####         1%          1    None
 Call Imp                 Summ           ####....     1%          2    None
 Passwall                 Tmut/Erth      ###.....     1%          2    None
 Poisonous Vapours        Pois/Air       ####..       1%          2    None
 Shroud of Golubria       Chrm/Tloc      ####..       1%          2    None
 Slow                     Hex            ###.....     1%          2    None
 Throw Frost              Conj/Ice       ######       1%          2    None
 Conjure Flame            Conj/Fire      #######.     0%          3    None
 Sticky Flame             Conj/Fire      #######.     0%          4    None
 Dazzling Spray           Conj/Hex       ######       1%          3    None
 Ignite Poison            Fire/Tmut/Pois #####...     1%          3    None
 Inner Flame              Hex/Fire       ######..     1%          3    None
 Mephitic Cloud           Conj/Pois/Air  ######..     1%          3    None
 Ozocubu's Armour         Chrm/Ice       ####....     1%          3    None
 Stone Arrow              Conj/Erth      ######       1%          3    None
 Fulminant Prism          Conj/Hex       ######....   1%          4    None
 Iskenderun's Mystic Bla  Conj           #######.     1%          4    None
 Throw Icicle             Conj/Ice       ######..     1%          4    None
 Bolt of Magma            Conj/Fire/Erth ######....   1%          5    #......
 Lightning Bolt           Conj/Air       ######....   1%          5    #......
 Venom Bolt               Conj/Pois      ######....   1%          5    #......
 Passage of Golubria      Tloc           N/A          2%          4    None
 Summon Ice Beast         Ice/Summ       ####....     3%          4    None
 Olgreb's Toxic Radiance  Pois           ####....     6%          4    None
 Iron Shot                Conj/Erth      ######....   6%          6    ####...
 Ice Form                 Ice/Tmut       ###.....     7%          4    None
 Freezing Cloud           Conj/Ice/Air   ######....   8%          6    ####...
 Petrify                  Tmut/Erth      ###.....     11%         4    None
 Summon Mana Viper        Hex/Summ       ####....     14%         5    #......
 Ring of Flames           Chrm/Fire      ######....   16%         7    ######.
 Alistair's Intoxication  Tmut/Pois      ###.....     22%         5    #......
 Shadow Creatures         Summ           N/A          36%         6    ####...
 Fire Storm               Conj/Fire      #######...   61%         9    #######
 Chain Lightning          Conj/Air       ######....   65%         8    #######
 Simulacrum               Ice/Necr       ###.......   69%         6    ####...
 Lehudib's Crystal Spear  Conj/Erth      ######....   91%         8    #######
 Haunt                    Necr/Summ      ####......   98%         7    ######.


Dungeon Overview and Level Annotations

Branches:
Dungeon (1/1)

Altars:
Cheibriados
Dithmenos
Elyvilon
Fedhas
Gozag
Hepliaklqana
Kikubaaqudgha
Makhleb
Nemelex Xobeh
Okawaru
Qazlal
Ru
Sif Muna
Trog
Uskayaw
Vehumet
Wu Jian
Xom
Yredelemnul
Zin
The Shining One
Jiyva
Lugonu

Shops:
D =}![([:*?[?[((:([[[*

Annotations:
D Lom Lobon, Tiamat


Innate Abilities, Weirdness & Mutations

You cannot wear most types of armour.
You are very stealthy in the water. (Stealth+)
You are amphibious.
You can wear up to eight rings at the same time.
You can use your tentacles to constrict eight enemies at once.
Your skin changes colour to match your surroundings (Stealth+).
Your rubbery body absorbs attacks. (AC +1, EV +1)
You are weak. (Str -2)


Message History

There is an open door here.
An arrow shoots out and hits you!
You are engulfed in a cloud of scalding steam.
There is an arrow trap here.
There is an open door here.
You are engulfed in a cloud of scalding steam.
You are engulfed in a cloud of scalding steam.
You are engulfed in a cloud of scalding steam.
You are engulfed in a cloud of scalding steam.
You are engulfed in a cloud of scalding steam.
* * * LOW HITPOINT WARNING * * *
You are engulfed in a cloud of scalding steam.
* * * LOW HITPOINT WARNING * * *
You feel better.
You are engulfed in a cloud of scalding steam.
* * * LOW HITPOINT WARNING * * *
Okay, then.
Okay, then.
You are engulfed in a cloud of scalding steam.
You die...

##############################
§'§§§§..'..#^^'§§§§#..[......#
##§..§.##.)'^§#§@§§##)[......#
###§§§#######'#§§§§§#####....#
#.###+#)[?##..#§§§§§# #....#
..#)#§##$$$#..##§§§§# #....#
..###..###$#..≈###'## #....#
°...##.#A#.#..≈).#(# #....#
....#..###.#.)≈.##'# ##...#
#++##.##...#..≈## ^^ ##.°#
..###..#+###..≈# ^ #).#


There were no monsters in sight!

Vanquished Creatures
  the Lernaean hydra (D)
  A deep elf master archer (D)
  2 fire giants (D)
  A lorocyproca (D)
  A deep elf annihilator (D)
  A mummy priest (D)
  A hydra (D)
  2 centaur warriors (D)
  Sonja (D)
  7 unseen horrors (D)
  A deep troll (D)
  A lindwurm (D)
  6 shining eyes (D)
  2 oklob plants (D)
  A merfolk siren (D)
  A gargoyle (D)
  2 kobold demonologists (D)
  4 demonic crawlers (D)
  A hellwing (D)
  4 hornets (D)
  A meliai (D)
  A slime creature (D)
  2 redbacks (D)
  Sigmund (D)
  13 hogs (D)
  A yak (D)
  4 floating eyes (D)
  7 necrophages (D)
  An ogre (D)
  8 jellies (D)
  Ijyb (D)
  A ballistomycete spore (D)
82 creatures vanquished.

Vanquished Creatures (collateral kills)
  2 shining eyes (D)
  3 floating eyes (D)
5 creatures vanquished.

Vanquished Creatures (others)
  A fire giant (D)
  A merfolk siren (D)
  A gargoyle (D)
  A hornet (D)
  A ballistomycete spore (D)
5 creatures vanquished.

Grand Total: 92 creatures vanquished

Notes
Turn   | Place    | Note
-------+----------+-------------------------------------------
     0 | D        | Conn the Octopode Fire Elementalist began the quest for the
                  | Orb.
     0 | D        | Reached XP level 1. HP: 11/11 MP: 3/3
     1 | D        | Noticed Ijyb
    15 | D        | Killed Ijyb
    15 | D        | Reached skill level 5 in Fire Magic
    15 | D        | Reached XP level 2. HP: 10/17 MP: 4/6
    15 | D        | Reached XP level 3. HP: 12/21 MP: 4/7
   188 | D        | Learned a level 3 spell: Conjure Flame
   192 | D        | Learned a level 3 spell: Inner Flame
   193 | D        | Noticed an ogre
   204 | D        | Killed an ogre
   204 | D        | Reached skill level 7 in Fire Magic
   204 | D        | Reached XP level 4. HP: 27/27 MP: 0/10
   306 | D        | Learned a level 4 spell: Sticky Flame
   306 | D        | Noticed Sigmund
   311 | D        | Killed Sigmund
   311 | D        | Reached skill level 5 in Spellcasting
   311 | D        | Reached skill level 9 in Fire Magic
   311 | D        | Reached XP level 5. HP: 32/32 MP: 5/13
   311 | D        | Reached XP level 6. HP: 37/37 MP: 5/14
   385 | D        | Found a shimmering blue altar of Sif Muna.
   386 | D        | Found an ornate altar of the Wu Jian Council.
   387 | D        | Found a radiant altar of Vehumet.
   391 | D        | Became a worshipper of Sif Muna the Loreminder
   499 | D        | Learned a level 5 spell: Fireball
   499 | D        | Found Betismuog's Antique Armour Emporium.
   499 | D        | Found an ancient bone altar of Kikubaaqudgha.
   499 | D        | Found a hazy altar of Hepliaklqana.
   499 | D        | Found a stormy altar of Qazlal.
   499 | D        | Found a hide-covered altar of Uskayaw.
   499 | D        | Found a blossoming altar of Fedhas.
   499 | D        | Found a bloodstained altar of Trog.
   499 | D        | Found an iron altar of Okawaru.
   499 | D        | Found a basalt altar of Yredelemnul.
   499 | D        | Found a glowing golden altar of the Shining One.
   499 | D        | Found a snail-covered altar of Cheibriados.
   499 | D        | Found a sacrificial altar of Ru.
   499 | D        | Found a glowing silver altar of Zin.
   499 | D        | Found a shadowy altar of Dithmenos.
   499 | D        | Found a white marble altar of Elyvilon.
   499 | D        | Noticed a yak
   504 | D        | Killed a yak
   504 | D        | Reached skill level 1 in Fighting
   504 | D        | Reached skill level 10 in Fire Magic
   550 | D        | Found an opulent altar of Gozag.
   551 | D        | Found a sparkling altar of Nemelex Xobeh.
   571 | D        | Found a burning altar of Makhleb.
   571 | D        | Found a viscous altar of Jiyva.
   571 | D        | Found a shimmering altar of Xom.
   571 | D        | Found a corrupted altar of Lugonu.
   571 | D        | Noticed a slime creature
   576 | D        | Killed a slime creature
   576 | D        | Reached * piety under Sif Muna
   576 | D        | Reached skill level 5 in Stealth
   576 | D        | Reached skill level 5 in Conjurations
   576 | D        | Reached skill level 11 in Fire Magic
   576 | D        | Reached XP level 7. HP: 43/43 MP: 4/18
   675 | D        | Noticed a kobold demonologist
   677 | D        | Noticed a kobold demonologist
   679 | D        | Killed a kobold demonologist
   679 | D        | Reached skill level 12 in Fire Magic
   679 | D        | Reached XP level 8. HP: 48/48 MP: 0/20
   679 | D        | Killed a kobold demonologist
   679 | D        | Reached ** piety under Sif Muna
   811 | D        | Noticed Sonja
   813 | D        | Killed Sonja
   813 | D        | Reached skill level 1 in Polearms
   813 | D        | Reached skill level 13 in Fire Magic
   813 | D        | Reached XP level 9. HP: 54/54 MP: 10/22
   883 | D        | Found Upexaguh's Jewellery Boutique.
   903 | D        | Noticed a deep troll
   910 | D        | Killed a deep troll
   910 | D        | Reached skill level 5 in Dodging
   910 | D        | Reached skill level 10 in Spellcasting
   910 | D        | Reached skill level 14 in Fire Magic
  1033 | D        | Found Bycoir's Armour Emporium.
  1057 | D        | Noticed a centaur warrior
  1058 | D        | Noticed a centaur warrior
  1059 | D        | Killed a centaur warrior
  1059 | D        | Killed a centaur warrior
  1059 | D        | Reached *** piety under Sif Muna
  1059 | D        | Reached skill level 15 in Fire Magic
  1059 | D        | Reached XP level 10. HP: 61/61 MP: 8/25
  1156 | D        | Paralysed by a hornet for 2 turns
  1430 | D        | Noticed an oklob plant
  1435 | D        | Killed an oklob plant
  1556 | D        | Reached **** piety under Sif Muna
  1556 | D        | Reached skill level 10 in Conjurations
  1638 | D        | Reached ***** piety under Sif Muna
  1638 | D        | Identified Sif Muna's Rites and Rhymes in Simple Steps (Sif
                  | Muna gifted it to you in the Dungeon)
  1638 | D        | Received a gift from Sif Muna
  1647 | D        | Noticed an unseen horror
  1650 | D        | Reached skill level 16 in Fire Magic
  1669 | D        | Killed an unseen horror
  1669 | D        | Reached skill level 1 in Throwing
  1919 | D        | Identified Laovved's Collected Works on Dusty Fire (Sif
                  | Muna gifted it to you in the Dungeon)
  1919 | D        | Received a gift from Sif Muna
  2013 | D        | Learned a level 6 spell: Bolt of Fire
  2018 | D        | Learned a level 4 spell: Force Lance
  2035 | D        | Noticed an unseen horror
  2036 | D        | Killed an unseen horror
  2041 | D        | Found Ametocw's Armour Boutique.
  2041 | D        | Found Gunosyu's Book Shoppe.
  2042 | D        | Found Elaoveph's General Store.
  2042 | D        | Found Cuott's Antique Armour Emporium.
  2043 | D        | Found Jym Unat's General Store.
  2058 | D        | Found Pinuorudgh's Armour Shop.
  2060 | D        | Found Moklyq's Magic Scroll Emporium.
  2060 | D        | Found Iczaoh's Antique Armour Shop.
  2060 | D        | Found Ruetryag's Magic Scroll Shoppe.
  2060 | D        | Found Utogu's Antique Armour Boutique.
  2060 | D        | Found Weorua's Antique Weapon Emporium.
  2060 | D        | Found Xygikah's Antique Weapon Shop.
  2060 | D        | Found Rougriha's Book Shoppe.
  2063 | D        | Found Mewkenoa's Weapon Boutique.
  2181 | D        | Bought a book of Minor Magic for 200 gold pieces
  2185 | D        | Learned a level 3 spell: Mephitic Cloud
  2188 | D        | Learned a level 2 spell: Blink
  2195 | D        | Bought a pitted hand axe for 216 gold pieces
  2195 | D        | Identified the +10 hand axe "Ultimatum" {freeze, Int+4}
                  | (You bought it in a shop in the Dungeon)
  2202 | D        | Bought a potion of curing for 36 gold pieces
  2213 | D        | Bought a scroll of blinking for 75 gold pieces
  2292 | D        | Learned a level 2 spell: Call Imp
  2302 | D        | Noticed a shining eye
  2302 | D        | Noticed a shining eye
  2302 | D        | Noticed a shining eye
  2306 | D        | Paralysed by a floating eye for 3 turns
  2307 | D        | Reached XP level 11. HP: 66/66 MP: 17/27
  2321 | D        | Killed a shining eye
  2325 | D        | Noticed a shining eye
  2470 | D        | Killed a shining eye
  2470 | D        | Reached skill level 1 in Summonings
  2490 | D        | Paralysed by a floating eye for 4 turns
  2493 | D        | Identified Sif Muna's Papyrus of Battle Magic (Sif Muna
                  | gifted it to you in the Dungeon)
  2493 | D        | Received a gift from Sif Muna
  2525 | D        | Killed a shining eye
  2529 | D        | Noticed a shining eye
  2532 | D        | Killed a shining eye
  2535 | D        | Noticed a shining eye
  2535 | D        | Gained mutation: You are weak. (Str -2) [a shining eye]
  2546 | D        | Killed a shining eye
  2588 | D        | Killed a shining eye
  2588 | D        | Reached skill level 1 in Short Blades
  2606 | D        | Noticed a shining eye
  2613 | D        | Killed a shining eye
  2613 | D        | Received a gift from Sif Muna
  2613 | D        | Reached skill level 17 in Fire Magic
  2620 | D        | Noticed a shining eye
  2622 | D        | Killed a shining eye
  2633 | D        | Found Haoheguck's Food Shop.
  2633 | D        | Found Gokoeg's Gadget Shoppe.
  2633 | D        | Found Niugeupo's Antique Weapon Boutique.
  2633 | D        | Found Opetuvefa's Distillery.
  2651 | D        | Bought a potion of heal wounds for 70 gold pieces
  2764 | D        | Learned a level 4 spell: Iskenderun's Mystic Blast
  2790 | D        | Bought a ration for 50 gold pieces
  2790 | D        | Bought a ration for 50 gold pieces
  2992 | D        | Noticed a lindwurm
  2994 | D        | Killed a lindwurm
  3047 | D        | Reached skill level 1 in Invocations
  3052 | D        | Identified Sif Muna's Collected Works on Intoxication and
                  | Battle Magic (Sif Muna gifted it to you in the Dungeon)
  3052 | D        | Received a gift from Sif Muna
  3053 | D        | Reached skill level 1 in Translocations
  3071 | D        | Reached ****** piety under Sif Muna
  3292 | D        | Noticed a 12-headed hydra
  3298 | D        | Identified Kasyqiqi's Almanac of Boosting Conjuration (Sif
                  | Muna gifted it to you in the Dungeon)
  3298 | D        | Received a gift from Sif Muna
  3299 | D        | Killed a 12-headed hydra
  3425 | D        | Reached skill level 15 in Spellcasting
  3521 | D        | Reached XP level 12. HP: 73/73 MP: 2/31
  4024 | D        | Bought a ration for 50 gold pieces
  4148 | D        | Bought an uncursed ring of wizardry for 420 gold pieces
  4148 | D        | Bought an uncursed ring of see invisible for 210 gold
                  | pieces
  4186 | D        | Noticed a lorocyproca
  4192 | D        | Killed a lorocyproca
  4192 | D        | Identified Sif Muna's Grimoire of the Cloudy Frostbite (Sif
                  | Muna gifted it to you in the Dungeon)
  4192 | D        | Received a gift from Sif Muna
  4297 | D        | Learned a level 7 spell: Orb of Destruction
  4304 | D        | Learned a level 6 spell: Deflect Missiles
  4390 | D        | Noticed a daeva
  4397 | D        | Reached skill level 1 in Air Magic
  4704 | D        | Noticed a fire giant
  4720 | D        | Noticed a fire giant
  4721 | D        | Noticed a fire giant
  4723 | D        | Killed a fire giant
  4794 | D        | Learned a level 6 spell: Bolt of Cold
  4973 | D        | Noticed a fire giant
  4980 | D        | HP: 1/74 [fire giant/fireball (39)]
  4981 | D        | Killed a fire giant
  5354 | D        | Killed a fire giant
  5354 | D        | Reached skill level 15 in Conjurations
  5354 | D        | Reached skill level 1 in Charms
  5354 | D        | Reached skill level 18 in Fire Magic
  5354 | D        | Reached skill level 5 in Invocations
  5588 | D        | Bought a ration for 50 gold pieces
  5588 | D        | Bought a ration for 50 gold pieces
  5591 | D        | Bought a ration for 50 gold pieces
  5677 | D        | Identified the +4 dragonskin cloak
  5677 | D        | Noticed Tiamat
  5846 | D        | Noticed a deep elf annihilator
  5849 | D        | Identified Sif Muna's Grimoire of Supportive Ignition (Sif
                  | Muna gifted it to you in the Dungeon)
  5849 | D        | Received a gift from Sif Muna
  5849 | D        | Reached skill level 1 in Ice Magic
  5857 | D        | Killed a deep elf annihilator
  5857 | D        | Reached XP level 13. HP: 65/79 MP: 10/33
  6066 | D        | Noticed the 27-headed Lernaean hydra
  6070 | D        | Killed the 27-headed Lernaean hydra
  6070 | D        | Reached skill level 1 in Poison Magic
  6108 | D        | Noticed a mummy priest
  6111 | D        | Killed a mummy priest
  6118 | D        | Received a gift from Sif Muna
  6285 | D        | Learned a level 8 spell: Ignition
  6323 | D        | Noticed a deep elf master archer
  6344 | D        | Killed a deep elf master archer
  6463 | D        | Noticed Lom Lobon
  6631 | D        | Bought a shimmering executioner's axe for 375 gold pieces
  6631 | D        | Identified the +8 executioner's axe of the Scavenger {chop,
                  | +Blink +Fly rPois} (You bought it in a shop in the Dungeon)
  6971 | D        | Bought an uncursed ring of ice for 350 gold pieces
  7909 | D        | Bought a ration for 50 gold pieces
  7957 | D        | Bought a ration for 60 gold pieces
  8743 | D        | Engulfed by a cloud of steam

Levels and vault maps discovered:
D:        dungeon_sprint_1 [red_sonja_temple_1, red_sonja_temple_small_1]

Skill      XL: |  1  2  3  4  5  6  7  8  9 10 11 12 13 |
---------------+----------------------------------------+-----
Stealth        | 3 4 5 6 |  6.1
Spellcasting   | 3 4 5 7 8 9 11 12 15 16 17 | 17.9
Conjurations   | 2 3 4 5 6 7 9 11 13 15 16 | 16.4
Fire Magic     | 5 7 9 11 12 13 15 16 17 18 | 18.5
Dodging        | 3 4 5 6 |  6.2
Fighting       | 1 2 3 4 |  4.2
Polearms       | 1 |  1.7
Throwing       | 1 |  1.2
Summonings     | 3 |  3.4
Short Blades   | 1 |  1.0
Invocations    | 2 5 7 |  7.8
Translocations | 1 3 |  3.7
Air Magic      | 4 |  4.4
Charms         | 1 |  1.3
Ice Magic      | 1 2 |  2.0
Poison Magic   | 1 |  1.3
Axes           | |  0.6
Hexes          | |  0.2

Action                   |  1- 3 |  4- 6 |  7- 9 | 10-12 | 13-15 || total
-------------------------+-------+-------+-------+-------+-------++-------
Melee: Unarmed           |    10 |     1 |       |       |       ||    11
       Constrict         |     1 |       |       |     4 |       ||     5
       Tentacles         |       |     1 |       |     5 |       ||     6
       Scythe            |       |     1 |       |       |       ||     1
       Dagger            |       |       |       |     9 |       ||     9
       Hand axe          |       |       |       |    11 |     1 ||    12
Throw: Dart              |       |       |     1 |     1 |       ||     2
 Cast: Flame Tongue      |     4 |    11 |     2 |    32 |     4 ||    53
       Conjure Flame     |     1 |     2 |     2 |     8 |       ||    13
       Sticky Flame      |       |     1 |       |    10 |       ||    11
       Fireball          |       |     1 |    10 |    15 |     1 ||    27
       Call Imp          |       |       |       |    11 |       ||    11
       Inner Flame       |       |       |       |     1 |       ||     1
       Bolt of Fire      |       |       |       |    31 |    10 ||    41
       Iskenderun's Myst |       |       |       |    15 |       ||    15
       Blink             |       |       |       |     8 |     1 ||     9
       Force Lance       |       |       |       |    21 |       ||    21
       Mephitic Cloud    |       |       |       |     4 |     1 ||     5
       Bolt of Cold      |       |       |       |     6 |       ||     6
       Orb of Destructio |       |       |       |     4 |     7 ||    11
       Deflect Missiles  |       |       |       |     2 |       ||     2
       Ignition          |       |       |       |       |     8 ||     8
Invok: Channel Magic     |       |       |       |     5 |       ||     5
       Forget Spell      |       |       |       |     3 |     1 ||     4
  Use: Potion            |     1 |       |       |     9 |     1 ||    11
       Scroll            |       |       |       |     5 |     1 ||     6
 Stab: Sleeping          |       |       |       |     2 |       ||     2
  Eat: Chunk             |       |       |     2 |     3 |       ||     5
       Ration            |       |       |       |     7 |     5 ||    12
Armor: Skin              |     1 |       |       |     1 |     1 ||     3
Dodge: Dodged            |     2 |     5 |     2 |    40 |     3 ||    52
       Deflected         |       |       |       |       |     2 ||     2

Table legend:
 A = Non-vault XP
 B = Vault XP
 C = Vault XP percentage of total XP
 D = Non-vault monster count
 E = Vault monster count
 F = Vault count percentage of total count
                 A         B        C        D         E       F
            +---------+---------+-------+---------+---------+-------
      Total |       0 |   41996 | 100.0 |       0 |      87 | 100.0
            +---------+---------+-------+---------+---------+-------
          D |       0 |   41996 | 100.0 |       0 |      87 | 100.0
            +---------+---------+-------+---------+---------+-------
